 Dungeon Crawl Stone Soup version 0.30-a0-292-g0f741e3f8e (console) character file.

Game seed: 6114358137600038295

30747 jejorda2 the Phalangite (level 13, -8/139 HPs)
             Began as a Merfolk Berserker on Oct 17, 2022.
             Was a High Priest of Trog.
             Mangled by a cane toad (9 damage)
             ... on level 3 of the Lair of Beasts.
             The game lasted 00:35:49 (13919 turns).

jejorda2 the Phalangite (Merfolk Berserker)        Turns: 13919, Time: 00:35:52

Health: -8/139     AC: 20    Str: 21    XL:     13   Next: 53%
Magic:  13/13      EV: 13    Int:  2    God:    Trog [*****.]
Gold:   763        SH:  0    Dex: 11    Spells: 12/12 levels left

rFire   + + .      SeeInvis .    a - +1 bardiche (vamp)
rCold   + . .      Faith    +    (shield currently unavailable)
rNeg    . . .      Spirit   .    S - +3 ring mail {rF+}
rPois   +          Reflect  .    j - +0 helmet "Huxu" {Rampage +Blink rCorr Dex-3}
rElec   .          Harm     .    y - +2 cloak
rCorr   +          Rampage  +    W - +0 pair of gloves
Will    ++...                    X - +0 pair of boots
Stlth   ..........               H - amulet of faith
HPRegen 1.43/turn                r - ring of Lyleim {rPois rF+ rC+ Int-5 Slay+2}
MPRegen 0.13/turn                u - +4 ring of protection

@: berserking, lethally poisoned (-8 -> -9), strong-willed, regenerating, very
quick
A: (nimble swimmer 2), mertail
a: Renounce Religion, Evoke Blink, Berserk, Trog's Hand, Brothers in Arms


You were on level 3 of the Lair of Beasts.
You worshipped Trog.
Trog was extremely pleased with you.
You visited 2 branches of the dungeon, and saw 14 of its levels.

You collected 763 gold pieces.

Inventory:

Hand Weapons
 a - a +1 vampiric bardiche (weapon)
 b - a +1 trident of protection
 w - a +2 antimagic glaive
Missiles
 e - 119 stones
 f - 10 curare-tipped darts
 l - 2 javelins
 m - 7 boomerangs (quivered)
 o - 2 throwing nets
 A - 5 datura-tipped darts
 F - 38 poisoned darts
 J - 3 silver javelins
 P - 5 atropa-tipped darts
 U - 3 silver boomerangs
Armour
 j - the +0 helmet "Huxu" (worn) {Rampage +Blink rCorr Dex-3}
   (You acquired it on level 7 of the Dungeon)

   Dex:       It affects your dexterity (-3).
   +Blink:    It lets you blink.
   rCorr:     It protects you from acid and corrosion.
   Rampage:   It bestows one free step when moving towards enemies.
 y - a +2 cloak (worn)
 S - a +3 ring mail of fire resistance (worn)
 W - a +0 pair of gloves (worn)
 X - a +0 pair of boots (worn)
Jewellery
 q - a ring of positive energy
 r - the ring of Lyleim (left hand) {rPois rF+ rC+ Int-5 Slay+2}
   (You found it on level 2 of the Dungeon)

   [ring of protection from cold]

   Int:       It affects your intelligence (-5).
   Slay:      It affects your accuracy & damage with ranged weapons and melee
   (+2).
   rF:        It protects you from fire.
   rC:        It protects you from cold.
   rPois:     It protects you from poison.
 u - a +4 ring of protection (right hand)
 B - a +4 ring of slaying
 H - an amulet of faith (around neck)
Wands
 n - a wand of quicksilver (22)
 D - a wand of flame (52)
 N - a wand of mindburst (8)
 O - a wand of paralysis (13)
 R - a wand of polymorph (23)
 T - a wand of iceblast (19)
Scrolls
 i - 3 scrolls of magic mapping
 k - 4 scrolls of enchant armour
 t - 3 scrolls of fog
 v - a scroll of enchant weapon
 z - a scroll of silence
 C - 7 scrolls of teleportation
 G - 2 scrolls of blinking
 K - 2 scrolls of vulnerability
 Z - a scroll of identify
Potions
 c - 2 potions of magic
 d - a potion of ambrosia
 g - 4 potions of lignification
 h - 2 potions of cancellation
 p - 6 potions of attraction
 s - 4 potions of curing
 x - 7 potions of heal wounds
 E - 3 potions of berserk rage
 I - 3 potions of flight
 L - 2 potions of resistance
 M - 3 potions of mutation
 Q - 2 potions of haste
 V - a potion of invisibility
Miscellaneous
 Y - a condenser vane


   Skills:
 - Level 6.0 Fighting
 * Level 22.7 Polearms
 + Level 9.7 Throwing
 - Level 6.0 Armour
 - Level 8.0 Dodging


You had 12 spell levels left.
You didn't know any spells.
Your spell library was empty.

Dungeon Overview and Level Annotations

Branches:
Dungeon (11/15)            Temple (0/1) D:6            Lair (3/5) D:11
 Shoals (0/4) Lair:2        Snake (0/4) Lair:2          Orc (0/2) D:10

Altars:
Ashenzari
Dithmenos
Fedhas
Hepliaklqana
Kikubaaqudgha
Makhleb
Okawaru
Qazlal
Vehumet

Shops:
D:10 *


Innate Abilities, Weirdness & Mutations

((You are very nimble when in or above water. (Stealth+, EV+, Speed+++)))
Your lower body shifts to a powerful aquatic tail in water.


Message History

Press: ? - help, Dir - move target, f - wolf spider
Aim: a wolf spider (about 28% to evade your +1 trident of protection)
You reach to attack!
You impale the wolf spider!!
The wolf spider is moderately wounded.
You feel sick. The cane toad stings you!
* * * LOW HITPOINT WARNING * * *
You closely miss the wolf spider.
The wolf spider is moderately wounded.
You feel sick. The wolf spider completely misses you.
The wolf spider bites you but does no damage.
You closely miss the wolf spider.
The wolf spider is moderately wounded.
You feel sick.
The cane toad stings you but does no damage.
You puncture the wolf spider!
The wolf spider is heavily wounded.
You feel sick.
The wolf spider hits you but does no damage.
The wolf spider bites you.
* * * LOW HITPOINT WARNING * * *
You puncture the wolf spider!
The wolf spider is heavily wounded.
You feel sick. The cane toad completely misses you. The wolf spider hits you.
* * * LOW HITPOINT WARNING * * *
The wolf spider bites you.
* * * LOW HITPOINT WARNING * * *
You puncture the wolf spider!
The wolf spider is severely wounded.
Your +1 trident of protection goes still.
You feel a sense of dread.
a - a +1 vampiric bardiche (weapon)
* * * LOW HITPOINT WARNING * * *
You feel sick.
You barely miss the wolf spider.
The wolf spider is severely wounded.
* * * LOW HITPOINT WARNING * * *
You feel sick. The wolf spider closely misses you.
The wolf spider bites you but does no damage.
The cane toad stings you!
You die...

.#.......#
#.[.............#
.####.####
############.####
.##.:...# #.♣.♣.#
###♣...♣# #♣.♣.♣#
# #.♣.♣.# # #
#.♣.♣.# #♣...♣#
.#. #♣.♣.♣#
#.....# #(#
#.♣.♣.# ##♣.♣##
#s# ##♣.♣## ♣♣.♣♣
♣@♣ #.....#
#♣...♣#
♣♣♣♣♣♣F♣♣♣♣♣♣
#.♣♣♣.# #.#'#.#
♣.....SS....♣ #.♣
♣.# #.#.#.#
♣...........♣ #.♣
♣.# #.#.#.#
♣..+#####'..♣ #.♣
♣.# #.#.#.# ♣.
.#..♣ #†♣♣♣.#
#.#.#.♣ ♣
.F#..♣♣♣.....#
#.#.#..
.l.#.......♣..#
#.#.#.♣
S...#..♣♣♣.....#


You could see a wolf spider, a black mamba, a cane toad and a water moccasin.

Vanquished Creatures
  2 hydras
  Erolcha (D:9)
  A boulder beetle (Lair:1)
  4 two-headed ogres
  A deep elf pyromancer (D:8)
  An oklob plant (Lair:3)
  A manticore (D:11)
  6 black mambas
  Maurice (D:8)
  A gargoyle (D:11)
  Maggie (D:10)
  7 cane toads
  An unseen horror (D:11)
  5 komodo dragons
  A rime drake (Lair:3)
  Psyche (D:8)
  3 trolls
  6 blink frogs (Lair:2)
  Prince Ribbit (D:8)
  6 wyverns
  16 yaks
  2 wraiths
  6 steam dragons
  4 basilisks
  A warg (D:10)
  2 vampire mosquitoes (D:11)
  3 acid dragons
  Duvessa (D:5)
  A sky beast (D:8)
  22 water moccasins
  5 orc warriors
  9 wolves
  2 black bears (D:8)
  4 ogres
  4 centaurs
  6 kobold brigands
  4 bullfrogs
  2 necrophages
  2 gnoll sergeants
  A scorpion (D:6)
  Dowan (D:5)
  14 wights
  An electric eel (D:10)
  3 howler monkeys
  3 orc priests
  A jelly (D:6)
  A gnoll bouda (D:6)
  4 hounds
  Crazy Yiuf (D:2)
  An iguana (D:4)
  3 iron imps (D:8)
  Terence (D:3)
  13 orc wizards
  Robin (D:3)
  9 adders
  20 gnolls
  A shadow imp (D:6)
  3 white imps
  An ufetubus (D:6)
  2 worms
  A dart slug (D:2)
  33 orcs
  9 ball pythons
  10 bats
  11 endoplasms
  4 giant cockroaches
  13 hobgoblins
  4 quokkas
  5 frilled lizards
  21 goblins
  32 kobolds
  4 rats
379 creatures vanquished.

Vanquished Creatures (others)
  10 fungi
  12 plants (Lair:2)
22 creatures vanquished.

Grand Total: 401 creatures vanquished

Notes
Turn   | Place    | Note
-------+----------+-------------------------------------------
     0 | D:1      | jejorda2 the Merfolk Berserker began the quest for the Orb.
     0 | D:1      | Reached XP level 1. HP: 18/18 MP: 1/1
   108 | D:1      | Reached XP level 2. HP: 24/24 MP: 2/2
   715 | D:2      | Reached XP level 3. HP: 26/29 MP: 3/3
   858 | D:2      | Reached ** piety under Trog
   859 | D:2      | Reached skill level 5 in Polearms
  1078 | D:2      | Identified the ring of Lyleim {rPois rF+ rC+ Int-5 Slay+2}
  1114 | D:2      | Identified the +1 ring mail of Contentment {rF++}
  1182 | D:2      | Reached XP level 4. HP: 37/37 MP: 4/4
  1449 | D:2      | Found a faded altar of an unknown god.
  1494 | D:2      | Found a hazy altar of Hepliaklqana.
  1723 | D:2      | Reached skill level 6 in Polearms
  1723 | D:2      | Reached XP level 5. HP: 38/42 MP: 5/5
  1762 | D:2      | Found a runed translucent door.
  1763 | D:2      | Noticed Crazy Yiuf
  1768 | D:2      | Killed Crazy Yiuf
  1894 | D:3      | Noticed Terence
  1905 | D:3      | Killed Terence
  2113 | D:3      | Found an iron altar of Okawaru.
  2113 | D:3      | Found a shadowy altar of Dithmenos.
  2301 | D:3      | Reached XP level 6. HP: 43/49 MP: 6/6
  2421 | D:3      | Reached *** piety under Trog
  2563 | D:3      | Reached skill level 7 in Polearms
  2719 | D:3      | Noticed Robin
  2723 | D:3      | Killed Robin
  2851 | D:4      | Reached skill level 5 in Fighting
  2851 | D:4      | Reached XP level 7. HP: 54/54 MP: 7/7
  2911 | D:4      | Reached skill level 8 in Polearms
  3465 | D:5      | Entered Level 5 of the Dungeon
  3504 | D:5      | Reached **** piety under Trog
  3578 | D:5      | Found a stormy altar of Qazlal.
  3810 | D:5      | Reached skill level 9 in Polearms
  3889 | D:5      | Reached XP level 8. HP: 64/64 MP: 8/8
  4247 | D:5      | Noticed Duvessa
  4247 | D:5      | Noticed Dowan
  4261 | D:5      | Killed Duvessa
  4267 | D:5      | Killed Dowan
  4538 | D:6      | Reached skill level 10 in Polearms
  4591 | D:6      | Reached skill level 1 in Throwing
  4670 | D:6      | Found a staircase to the Ecumenical Temple.
  4905 | D:6      | Reached skill level 11 in Polearms
  5004 | D:6      | Reached XP level 9. HP: 63/69 MP: 9/9
  5545 | D:7      | Identified a scroll of acquirement
  5545 | D:7      | Acquired the +0 helmet "Huxu" {Rampage +Blink rCorr Dex-3}
  5815 | D:7      | Found a broken altar of Ashenzari.
  5854 | D:7      | Found an ancient bone altar of Kikubaaqudgha.
  5985 | D:7      | Reached skill level 12 in Polearms
  6379 | D:8      | Reached ***** piety under Trog
  6381 | D:8      | Reached skill level 5 in Armour
  6447 | D:8      | Noticed a two-headed ogre
  6454 | D:8      | Killed a two-headed ogre
  6455 | D:8      | Reached skill level 13 in Polearms
  6462 | D:8      | Reached skill level 18 in Polearms
  6462 | D:8      | Reached XP level 10. HP: 54/76 MP: 10/10
  6558 | D:8      | Noticed Maurice
  6578 | D:8      | Killed Maurice
  6623 | D:8      | Reached XP level 11. HP: 81/81 MP: 11/11
  6624 | D:8      | Noticed Prince Ribbit
  6644 | D:8      | Killed Prince Ribbit
  6758 | D:8      | Reached skill level 5 in Throwing
  6934 | D:8      | Noticed Psyche
  6944 | D:8      | Killed Psyche
  6981 | D:8      | Received a gift from Trog
  6982 | D:8      | Found a burning altar of Makhleb.
  7209 | D:8      | Noticed a deep elf pyromancer
  7214 | D:8      | Killed a deep elf pyromancer
  7287 | D:8      | Acquired a +1 bardiche of protection
  7874 | D:9      | Noticed Erolcha
  7883 | D:9      | Killed Erolcha
  7884 | D:9      | Reached skill level 19 in Polearms
  8179 | D:9      | You fall into a shaft and drop 2 floors!
  8244 | D:11     | Noticed a two-headed ogre
  8253 | D:11     | Killed a two-headed ogre
  8443 | D:11     | Noticed a manticore
  8451 | D:11     | Killed a manticore
  8764 | D:11     | Found a staircase to the Lair.
  8923 | D:11     | Noticed a two-headed ogre
  8928 | D:11     | Killed a two-headed ogre
  8929 | D:11     | Reached XP level 12. HP: 70/88 MP: 12/12
  9142 | D:11     | Reached skill level 20 in Polearms
  9308 | D:11     | Reached skill level 5 in Dodging
  9331 | D:10     | Entered Level 10 of the Dungeon
  9371 | D:10     | Noticed Maggie
  9380 | D:10     | Killed Maggie
  9599 | D:10     | Noticed a two-headed ogre
  9612 | D:10     | Killed a two-headed ogre
  9736 | D:10     | Found a blossoming altar of Fedhas.
  9842 | D:10     | Identified the +1 leather armour of Nid Xuruli {Str+2}
  9846 | D:10     | Found a staircase to the Orcish Mines.
  9985 | D:10     | Found Pogemer's Assorted Antiques.
 10685 | D:9      | Found a radiant altar of Vehumet.
 11076 | Lair:1   | Entered Level 1 of the Lair of Beasts
 11410 | Lair:1   | Noticed a boulder beetle
 11425 | Lair:1   | Killed a boulder beetle
 11426 | Lair:1   | Reached skill level 21 in Polearms
 11895 | Lair:2   | Noticed an eight-headed hydra
 11917 | Lair:2   | Killed an eight-headed hydra
 12415 | Lair:2   | Received a gift from Trog
 12416 | Lair:2   | Reached XP level 13. HP: 93/93 MP: 13/13
 12561 | Lair:2   | Found a staircase to the Shoals.
 12660 | Lair:2   | Found a staircase to the Snake Pit.
 13171 | Lair:3   | Reached skill level 22 in Polearms
 13916 | Lair:3   | HP: 6/139 [poisoned by a cane toad]
 13916 | Lair:3   | HP: 1/139 [wolf spider (3)]
 13919 | Lair:3   | Mangled by a cane toad

Illustrated notes

Levels and vault maps discovered:
D:1:      pf_arrival_petrified_forest, layout_basic,
          chequers_serial_rivers_small_3, minmay_small_reverse_x
D:2:      layout_basic, dreamdust_ecumenical_altar_statues, basic_altar,
          grunt_ministairs_11, minmay_split_cup_large, uniq_crazy_yiuf_cottage
D:3:      cheibrodos_thug_alley, layout_loops_ring,
          gammafunk_temple_overflow_elements, grunt_ministairs_3,
          mrwooster_statue_mirror, uniq_terence, uniq_robin
D:4:      minmay_angry_zag, layout_basic
D:5:      layout_basic, nicolae_qazlal_scattered_showers, uniq_duvessa
D:6:      layout_basic, minmay_temple_entry_mini_moons, minmay_checkerbox
D:7:      layout_loops_ring, kiku_gazebo_pond_becter,
          mainiacjoe_overflow_24_doors, grunt_decor_fettered
D:8:      cheibrodos_barr_body, layout_basic, demons_altar, grunt_ministairs_2,
          uniq_prince_ribbit1, uniq_maurice, uniq_psyche
D:9:      layout_stronghold, overflow_temple_1_default, minmay_splitting_lines,
          uniq_erolcha
D:10:     layout_roguey, kennysheep_mini_moat, david_orc_1_choice, serial_shops,
          shop, nicolae_water_bricks, uniq_maggie
D:11:     layout_irregular_city, erik_lair_dragon
Lair:1:   layout_regular_city, grunt_megastairs_1
Lair:2:   layout_hall_layers, shoals_dummy_entry,
          minmay_snake_entry_six_corridors, chequers_serial_rivers_large_b
Lair:3:   nzn_winding_woodlands_large [nzn_winding_woodlands_5x5_open_star,
          nzn_winding_woodlands_5x15_concentric,
          nzn_winding_woodlands_5x5_checkerboard,
          nzn_winding_woodlands_center_garden,
          nzn_winding_woodlands_15x15_killbox,
          nzn_winding_woodlands_center_diamonds,
          nzn_winding_woodlands_5x5_closed_star,
          nzn_winding_woodlands_5x15_longhouse,
          nzn_winding_woodlands_hourglass], layout_cellular_growth

Skill      XL: |  1  2  3  4  5  6  7  8  9 10 11 12 13 |
---------------+----------------------------------------+-----
Polearms       | 5 6 7 9 11 18 19 21 22 | 22.7
Armour         | 2 3 4 5 6 |  6.0
Fighting       | 4 5 6 |  6.0
Throwing       | 2 4 6 8 9 |  9.7
Dodging        | 4 8 |  8.0

Action                   |  1- 3 |  4- 6 |  7- 9 | 10-12 | 13-15 || total
-------------------------+-------+-------+-------+-------+-------++-------
Melee: Spear             |    91 |       |       |       |       ||    91
       Halberd           |    22 |   228 |   280 |   319 |       ||   849
       Glaive            |       |       |       |     6 |       ||     6
       Bardiche          |       |       |       |   117 |   186 ||   303
       Trident           |       |       |       |     5 |    11 ||    16
       Tailslap          |       |       |       |     2 |       ||     2
Throw: Stone             |     1 |     1 |     4 |     5 |       ||    11
       Dart              |       |     2 |     3 |     7 |       ||    12
       Javelin           |       |       |     1 |       |       ||     1
       Boomerang         |       |       |       |     1 |       ||     1
Invok: Berserk           |     1 |     5 |       |     4 |     2 ||    12
       Trog's Hand       |       |       |     3 |     5 |     1 ||     9
  Use: Scroll            |       |       |    19 |    13 |       ||    32
       Potion            |       |       |     2 |       |       ||     2
 Stab: Distracted        |     1 |       |       |       |       ||     1
Armor: Chain mail        |    36 |   115 |    47 |       |       ||   198
       Animal skin       |     1 |       |       |       |       ||     1
       Ring mail         |       |       |    70 |   149 |    71 ||   290
Dodge: Dodged            |    41 |   111 |   113 |   218 |    80 ||   563

Table legend: (Time is in decaauts)
 A = Elapsed time spent in this place.
 B = Non-inter-level travel time spent in this place.
 C = Inter-level travel time spent in this place.
 D = Time resting spent in this place.
 E = Time spent auto-exploring this place.
 F = Levels seen in this place.
 G = Mean time per level.
                   A        B        C        D        E       F      G
               +--------+--------+--------+--------+--------+-----+--------+
         Total |  13828 |  13143 |    685 |    700 |   9952 |  14 |  987.7 |
       Dungeon |  11054 |  10511 |    543 |    430 |   8074 |  11 | 1004.9 |
          Lair |   2774 |   2632 |    142 |    269 |   1878 |   3 |  924.7 |
               +--------+--------+--------+--------+--------+-----+--------+

Top non-repeatable levels by time:
     D:8: 1447 daAuts
  Lair:2: 1230 daAuts
    D:11: 1201 daAuts
     D:2: 1113 daAuts
     D:5: 1068 daAuts
     D:9: 1046 daAuts
     D:3: 1041 daAuts
     D:6: 999 daAuts
    D:10: 919 daAuts
     D:7: 830 daAuts
  Lair:1: 806 daAuts
     D:1: 750 daAuts
  Lair:3: 737 daAuts
     D:4: 635 daAuts
